 Dungeon Sprint DCSS version 0.21-a0-72-gbbb65ab (webtiles) character file.

14 Kidiri the Insei (level 2, -2/22 HPs)
             Began as a Demonspawn Transmuter on June 20, 2017.
             Was a Follower of Wu Jian.
             Slain by a worker ant (3 damage)
             ... in the Dungeon (Sprint VII: "The Pits").
             The game lasted 00:00:56 (258 turns).

Kidiri the Insei (Demonspawn Transmuter)             Turns: 258, Time: 00:00:56

Health: -2/22      AC:  2    Str: 10    XL:     2   Next: 31%
Magic:  3/5        EV: 13    Int: 14    God:    Wu Jian [*.....]
Gold:   0          SH:  0    Dex: 13    Spells: 5/6 levels left

rFire    . . .     SeeInvis .     - Unarmed
rCold    . . .     Gourm    .   (no shield)
rNeg     . . .     Faith    .   b - +0 robe
rPois    .         Spirit   .   (no helmet)
rElec    .         Reflect  .   (no cloak)
rCorr    .         Harm     .   (no gloves)
MR       .....     NoTele   +   (no boots)
Stlth    ++........             (no amulet)
HPRegen  0.07/turn              (no ring)
MPRegen  0.09/turn              (no ring)

@: berserk cooldown, slowed, very slow
A: powered by pain 1
a: Renounce Religion


You were in the Dungeon.
You worshipped Wu Jian.
Wu Jian was aware of your devotion.
You were not hungry.

You visited 1 branch

Inventory:

Missiles
 a - 12 arrows
Armour
 b - a +0 robe (worn)
Scrolls
 j - a scroll of blinking
 l - 3 scrolls of remove curse
 m - 5 scrolls of amnesia
 n - a scroll of summoning
Potions
 e - a potion of curing
 g - a potion of haste
 h - 4 potions of magic
 i - 2 potions of berserk rage
 k - 2 potions of invisibility
Books
 c - a book of Changes

   Spells                             Type                      Level
   a - Beastly Appendage              Transmutation                1
   b - Sticks to Snakes               Transmutation                2
   c - Spider Form                    Transmutation/Poison         3
   d - Ice Form                       Ice/Transmutation            4
   e - Blade Hands                    Transmutation                5
Comestibles
 d - 8 bread rations
 o - 40 fruits
 p - 7 meat rations


   Skills:
 * Level 1.7 Fighting
 + Level 1.0 Armour
 * Level 2.4 Dodging
 + Level 1.0 Stealth
 * Level 3.2 Unarmed Combat
 * Level 2.6 Spellcasting
 * Level 2.6 Transmutations


You had 5 spell levels left.
You knew the following spells:

 Your Spells              Type           Power        Failure   Level  Hunger
a - Beastly Appendage     Tmut           #.....       8%          1    #......


Dungeon Overview and Level Annotations

Branches:
Dungeon (1/1)

Altars:
Ashenzari
Cheibriados
Dithmenos
Elyvilon
Fedhas
Gozag
Hepliaklqana
Kikubaaqudgha
Makhleb
Nemelex Xobeh
Okawaru
Qazlal
Ru
Sif Muna
Trog
Uskayaw
Vehumet
Wu Jian
Xom
Yredelemnul
Zin
The Shining One
Beogh
Jiyva
Lugonu


Innate Abilities, Weirdness & Mutations

You sometimes gain a little power by taking damage.


Message History

Your demonic ancestry asserts itself...
You feel energised by your suffering.
You punch the bat skeleton!
You destroy the bat skeleton!
The Council accepts your kill.
Your Armour skill increases to level 1!
Your Stealth skill increases to level 1!
A worker ant comes into view.
The worker ant twitches its antennae in your direction.
There is an open door, spattered with blood here.
You see here a river rat corpse.
You feel a strong urge to attack something.
You are no longer berserk.
You are exhausted.
You feel yourself slow down. The worker ant bites you.
* * * LOW HITPOINT WARNING * * *
You hit the worker ant.
The worker ant is lightly wounded.
The worker ant misses you. The worker ant bites you.
You die...

#_______...##########
##########+##........
#.?(.+)))+.##......#.
##########.##........
#..........)'........
#+#####'#####......#.
#..#..# #........
#..†..# ####+####
#.@#### #.......#
#.a# #.......# #..#
#.......# ##+#
#...<...# #.......#
#.......# #.......#
#########


You could see a worker ant.

Vanquished Creatures
  A river rat (D)
  An orc (D)
  A bat skeleton (D)
  A bat zombie (D)
  A leopard gecko zombie (D)
5 creatures vanquished.

Notes
Turn   | Place    | Note
-------+----------+-------------------------------------------
     0 | D        | Kidiri the Demonspawn Transmuter began the quest for the Orb.
     0 | D        | Reached XP level 1. HP: 15/15 MP: 3/3
    50 | D        | Found a bloodstained altar of Trog.
    50 | D        | Found a deep blue altar of Sif Muna.
    50 | D        | Found a viscous altar of Jiyva.
    50 | D        | Found a hazy altar of Hepliaklqana.
    50 | D        | Found an opulent altar of Gozag.
    51 | D        | Found a glowing golden altar of the Shining One.
    51 | D        | Found a glowing silver altar of Zin.
    51 | D        | Found a basalt altar of Yredelemnul.
    51 | D        | Found a shimmering altar of Xom.
    51 | D        | Found an ornate altar of the Wu Jian Council.
    51 | D        | Found a sacrificial altar of Ru.
    51 | D        | Found a stormy altar of Qazlal.
    51 | D        | Found an iron altar of Okawaru.
    51 | D        | Found a sparkling altar of Nemelex Xobeh.
    51 | D        | Found a burning altar of Makhleb.
    51 | D        | Found a blossoming altar of Fedhas.
    51 | D        | Found a white marble altar of Elyvilon.
    51 | D        | Found a shadowy altar of Dithmenos.
    51 | D        | Found a snail-covered altar of Cheibriados.
    53 | D        | Found a radiant altar of Vehumet.
    53 | D        | Found a corrupted altar of Lugonu.
    53 | D        | Found a roughly hewn altar of Beogh.
    54 | D        | Found a hide-covered altar of Uskayaw.
    54 | D        | Found an ancient bone altar of Kikubaaqudgha.
    54 | D        | Found a shattered altar of Ashenzari.
    60 | D        | Became a worshipper of the Wu Jian Council
   253 | D        | Reached * piety under Wu Jian
   253 | D        | Reached skill level 3 in Unarmed Combat
   253 | D        | Gained mutation: You sometimes gain a little power by taking damage. [demonic ancestry]
   253 | D        | Reached XP level 2. HP: 9/22 MP: 3/5
   254 | D        | Reached skill level 1 in Armour
   254 | D        | Reached skill level 1 in Stealth
   257 | D        | HP: 1/22 [worker ant (6)]
   258 | D        | Slain by a worker ant

Vault maps used:
D:        pitsprint

Skill      XL: |  1  2 |
---------------+-------+-----
Transmutations | 2 |  2.6
Dodging        | 2 |  2.4
Unarmed Combat | 3 |  3.2
Armour         | 1 |  1.0
Stealth        | 1 |  1.0
Fighting       | |  1.7
Spellcasting   | |  2.6

Action                   || total
-------------------------++-------
Melee: Unarmed           ||    27
       Kick              ||     1
 Cast: Beastly Appendage ||     3
  Use: Potion            ||     2
Armor: Robe              ||     5
Dodge: Dodged            ||    16
